 Dungeon Crawl Stone Soup version 0.27-a0-797-g27d10ad80f (webtiles) character file.

Game seed: 17402405320300229063

72 rageheart7 the Conjurer (level 4, -4/30 HPs)
             Began as a Demonspawn Wanderer on Mar 28, 2021.
             Slain by a black bear (8 damage)
             ... on level 2 of the Dungeon.
             The game lasted 00:06:00 (3095 turns).

rageheart7 the Conjurer (Demonspawn Wanderer)       Turns: 3095, Time: 00:06:01

Health: -4/30      AC:  4    Str: 15    XL:     4   Next: 6%
Magic:  6/8        EV: 11    Int: 13    God:
Gold:   80         SH:  0    Dex: 11    Spells: 8/9 levels left

rFire    . . .     SeeInvis .   a - +0 club
rCold    . . .     Faith    .   (no shield)
rNeg     . . .     Spirit   .   d - +0 robe
rPois    +         Reflect  .   (no helmet)
rElec    .         Harm     .   (no cloak)
rCorr    .         Rampage  .   (no gloves)
Will     .....                  (no boots)
Stlth    +.........             (no amulet)
HPRegen  0.10/turn              e - ring of poison resistance
MPRegen  0.22/turn              (no ring)

@: no status effects
A: slimy green scales 1, magic regeneration
a: no special abilities


You were on level 2 of the Dungeon.
You visited 1 branch of the dungeon, and saw 2 of its levels.

You collected 80 gold pieces.

Inventory:

Hand Weapons
 a - a +0 club (weapon)
Armour
 d - a +0 robe (worn)
Jewellery
 e - a ring of poison resistance (left hand)
Wands
 c - a wand of random effects (15)
Scrolls
 b - 2 scrolls of identify {unknown}
 f - a scroll of fog {unknown}
 g - a scroll of vulnerability {unknown}
 h - a scroll of torment {unknown}
Potions
 i - a potion of attraction {unknown}
 j - a potion of curing


   Skills:
 - Level 1.0 Crossbows
 - Level 1.7 Armour
 - Level 1.0 Shields
 * Level 3.2 Spellcasting
 * Level 3.3 Conjurations
 - Level 1.0 Hexes
 - Level 1.0 Evocations


You had 8 spell levels left.
You knew the following spells:

 Your Spells              Type           Power      Damage    Failure   Level
a - Magic Dart            Conj           40%        1d5       5%          1

Your spell library contained the following spells:

 Spells                   Type           Power      Damage    Failure   Level
 Slow                     Hex            4%         N/A       22%         2
 Blink                    Tloc           N/A        N/A       34%         2
 Call Imp                 Summ           2%         N/A       34%         2
 Conjure Flame            Conj/Fire      6%         6-21      34%         3
 Mephitic Cloud           Conj/Pois/Air  5%         N/A       38%         3


Dungeon Overview and Level Annotations

Branches:
Dungeon (2/15)

Altars:


Innate Abilities, Weirdness & Mutations

You are partially covered in slimy green scales. (AC +2)
You regenerate magic rapidly.


Message History

Unknown command.
Casting: Magic Dart (safe; 5% risk of failure)
Confirm with . or Enter, or press ? or * to list all spells.
Aiming: Magic Dart (safe; 5% risk of failure)
Press: ? - help, Shift-Dir - straight line, f/p - black bear
Aim: a black bear (moderately wounded, 0% to evade)
The magic dart hits the black bear.
The black bear is heavily wounded.
The black bear bites you! The black bear barely misses you. x2
Unknown command.
Casting: Magic Dart (safe; 5% risk of failure)
Confirm with . or Enter, or press ? or * to list all spells.
Aiming: Magic Dart (safe; 5% risk of failure)
Press: ? - help, Shift-Dir - straight line, f/p - black bear
Aim: a black bear (heavily wounded, 0% to evade)
The magic dart hits the black bear.
The black bear is heavily wounded.
The black bear bites you. The black bear misses you. The black bear claws you.
* * * LOW HITPOINT WARNING * * *
You see here a bat corpse.
Casting: Magic Dart (safe; 5% risk of failure)
Confirm with . or Enter, or press ? or * to list all spells.
Aiming: Magic Dart (safe; 5% risk of failure)
Press: ? - help, Shift-Dir - straight line, f/p - black bear
Aim: a black bear (heavily wounded, 0% to evade)
The magic dart hits the black bear but does no damage.
The black bear is heavily wounded.
The black bear bites you.
* * * LOW HITPOINT WARNING * * *
The black bear claws you but does no damage. x2
You see here a hobgoblin corpse.
Casting: Magic Dart (safe; 5% risk of failure)
Confirm with . or Enter, or press ? or * to list all spells.
Aiming: Magic Dart (safe; 5% risk of failure)
Press: ? - help, Shift-Dir - straight line, f/p - black bear
Aim: a black bear (heavily wounded, 0% to evade)
The magic dart hits the black bear.
The black bear is severely wounded.
The black bear bites you!
You die...

#.......#.........#
#.......#...†.....#
###.###.#.........#
#...#.#..#.####.#
###)#......####.#
#.#...........#
#..........######
######...##......#....
#...h@...##........#
####.####.............#
#.......##.........####
....#.#.##.##.#####..##
## #.#................#
## ###†.......#####..)#
#. ##.###)#.## #...# #.
#########......#.#
#...# #.
#.......#..##..#.#
#..†# #.


You could see a black bear.

Vanquished Creatures
  2 adders (D:2)
  2 dart slugs
  3 endoplasms (D:1)
  8 goblins
  6 hobgoblins
  8 jackals (D:1)
  2 kobolds
  2 quokkas
  3 ball pythons
  3 bats (D:2)
  6 rats
45 creatures vanquished.

Notes
Turn   | Place    | Note
-------+----------+-------------------------------------------
     0 | D:1      | rageheart7 the Demonspawn Wanderer began the quest for the
                  | Orb.
     0 | D:1      | rageheart7 set off with the following items: a +0 club, a
                  | potion of curing, a wand of random effects (15), a +0 robe;
                  | and the following spell memorised: Magic Dart; and the
                  | following spells available to memorise: Slow, Blink, Call
                  | Imp, Conjure Flame, Mephitic Cloud
     0 | D:1      | Reached XP level 1. HP: 13/13 MP: 3/3
   722 | D:1      | Gained mutation: You are partially covered in slimy green
                  | scales. (AC +2) [demonic ancestry]
   722 | D:1      | Reached XP level 2. HP: 16/19 MP: 0/5
  1650 | D:1      | Reached XP level 3. HP: 13/24 MP: 7/7
  1673 | D:1      | HP: 1/24 [jackal (1)]
  2928 | D:2      | Gained mutation: You regenerate magic rapidly. [demonic
                  | ancestry]
  2928 | D:2      | Reached XP level 4. HP: 30/30 MP: 6/8
  3044 | D:2      | Noticed a black bear
  3095 | D:2      | Slain by a black bear

Illustrated notes

Levels and vault maps discovered:
D:1:      matt_arrival_spirals, layout_loops_ring, minmay_hedge_maze,
          chequers_serial_rivers_micro_e, grunt_decor_arrowhead
D:2:      layout_loops_cross, chequers_ecumenical_altar_twisty

Skill      XL: |  1  2  3 |
---------------+----------+-----
Conjurations   | 3 |  3.3
Spellcasting   | 3 |  3.2
Crossbows      | |  1.0
Armour         | |  1.7
Shields        | |  1.0
Hexes          | |  1.0
Evocations     | |  1.0

Action                   |  1- 3 |  4- 6 || total
-------------------------+-------+-------++-------
Melee: Club              |    82 |       ||    82
 Cast: Magic Dart        |    94 |    19 ||   113
  Use: Potion            |     1 |       ||     1
Armor: Robe              |    40 |     7 ||    47
Dodge: Dodged            |    82 |     8 ||    90

Table legend: (Time is in decaauts)
 A = Elapsed time spent in this place.
 B = Non-inter-level travel time spent in this place.
 C = Inter-level travel time spent in this place.
 D = Time resting spent in this place.
 E = Time spent auto-exploring this place.
 F = Levels seen in this place.
 G = Mean time per level.
                   A        B        C        D        E       F      G
               +--------+--------+--------+--------+--------+-----+--------+
         Total |   3119 |   3082 |     37 |     16 |   2657 |   2 | 1559.5 |
       Dungeon |   3119 |   3082 |     37 |     16 |   2657 |   2 | 1559.5 |
               +--------+--------+--------+--------+--------+-----+--------+

Top non-repeatable levels by time:
     D:1: 2437 daAuts
     D:2: 682 daAuts
